 Dungeon Crawl Stone Soup version 0.26.1-2-gb8aa6d0cf2 (webtiles) character file.

Game seed: 16230405722355150862

46 inc the Caller (level 3, -4/14 HPs)
             Began as a Felid Summoner on Feb 11, 2021.
             Was a Believer of Wu Jian.
             Slain by a gnoll
             ... wielding a +0 halberd
              (16 damage)
             ... on level 2 of the Dungeon.
             The game lasted 00:04:25 (2194 turns).

inc the Caller (Felid Summoner)                     Turns: 2194, Time: 00:04:25

Health: -4/14      AC:  1    Str:  4    XL:     3   Next: 44%
Magic:  3/7        EV: 18    Int: 17    God:    Wu Jian [**....]
Gold:   107        SH:  0    Dex: 16    Spells: 3/6 levels left
                                        Lives:  0   Deaths: 0

rFire    . . .     SeeInvis +   (weapon unavailable)
rCold    . . .     Faith    +   (shield unavailable)
rNeg     . . .     Spirit   .   (armour unavailable)
rPois    .         Reflect  .   (helmet unavailable)
rElec    .         Harm     .   (cloak unavailable)
rCorr    .         Rampage  .   (gloves unavailable)
Will     .....                  (boots unavailable)
Stlth    +++.......             h - amulet of faith
HPRegen  0.04/turn              (no ring)
MPRegen  0.10/turn              (no ring)

@: quick
A: very small, no armour, no weapons or thrown items, stealth, claws 1, fangs 3,
see invisible, speed 1, shaggy fur 1, sharp paws
a: Renounce Religion, Wall Jump


You were on level 2 of the Dungeon.
You worshipped Wu Jian.
Wu Jian was pleased with you.
You visited 1 branch of the dungeon, and saw 3 of its levels.

You collected 107 gold pieces.

Inventory:

Jewellery
 h - an amulet of faith (around neck)
Scrolls
 a - 2 scrolls of remove curse {unknown}
 c - a scroll of magic mapping {unknown}
 d - 2 scrolls of fog {unknown}
 e - a scroll of immolation {unknown}
 i - a scroll of identify {unknown}
 j - a scroll of amnesia {unknown}
 k - 3 scrolls of teleportation {unknown}
Potions
 b - a potion of curing {unknown}
 f - a potion of haste {unknown}
 g - 2 potions of might {unknown}
 l - a potion of invisibility {unknown}


   Skills:
 - Level 2.6 Dodging
 - Level 2.6 Stealth
 - Level 0.6 Unarmed Combat
 - Level 2.0 Spellcasting
 + Level 5.2 Summonings


You had 3 spell levels left.
You knew the following spells:

 Your Spells              Type           Power        Failure   Level
a - Summon Small Mammal   Summ           76%          2%          1
b - Call Imp              Summ           19%          3%          2

Your spell library contained the following spells:

 Spells                   Type           Power        Failure   Level
 Call Canine Familiar     Summ           19%          7%          3
 Summon Guardian Golem    Hex/Summ       10%          21%         3
 Summon Ice Beast         Ice/Summ       10%          54%         4
 Summon Lightning Spire   Summ/Air       10%          54%         4


Dungeon Overview and Level Annotations

Branches:
Dungeon (3/15)

Altars:
Wu Jian

Annotations:
D:2 Terence


Innate Abilities, Weirdness & Mutations

You cannot wear armour.
You are incapable of wielding weapons or throwing items.
Your paws allow you to move quietly. (Stealth)
You have sharp claws.
You have razor-sharp teeth.
You have supernaturally acute eyesight. (SInv)
You cover ground quickly.
You are covered in fur. (AC +1)
Your sharp claws are effective at attacking unaware monsters.


Message History

The bat misses you.
Your crimson imp blinks!
The bat hits you. The bat completely misses you.
Your crimson imp completely misses the bat.
Something hits your crimson imp but does no damage.
The bat hits your crimson imp but does no damage.
You barely miss the bat.
The bat is moderately wounded.
The bat completely misses you. x2
Your crimson imp closely misses the bat.
Your crimson imp hits the bat.
The bat dies!
The Council accepts your kill.
Something closely misses your crimson imp.
The gnoll completely misses you. The gnoll closely misses you.
Your crimson imp blinks!
The gnoll hits you from afar with a +0 halberd!
Ouch! That really hurt!
You die...

... .# #.#.# #..##.#
#.#.# ......#
###.#.#######.......
..... ..##.5..5..#
#... #.##gg......
#..# #.##ยง.......
#..# #..@5.......
#..#####.###.......
#....)...# .......
#######..#####.#
....... <........#
#... .#####.
#........# .......
#.#####.## #...###
#.# #.# ##### #.#
#.#


You could see 2 gnolls and 3 friendly crimson imps.

Vanquished Creatures
  A dart slug (D:1)
  A giant cockroach (D:1)
  3 goblins
  3 hobgoblins
  A quokka (D:2)
  2 frilled lizards
  A kobold (D:2)
  2 rats
14 creatures vanquished.

Vanquished Creatures (collateral kills)
  2 gnolls (D:2)
  An ooze (D:1)
  2 dart slugs (D:1)
  2 giant cockroaches
  3 goblins (D:1)
  A hobgoblin (D:1)
  4 jackals
  2 quokkas (D:2)
  2 bats
  2 frilled lizards (D:2)
  4 kobolds
  A rat (D:1)
26 creatures vanquished.

Grand Total: 40 creatures vanquished

Notes
Turn   | Place    | Note
-------+----------+-------------------------------------------
     0 | D:1      | inc the Felid Summoner began the quest for the Orb.
     0 | D:1      | Reached XP level 1. HP: 7/7 MP: 4/4
   395 | D:1      | Reached XP level 2. HP: 5/11 MP: 1/6
   454 | D:2      | Found a faded altar of an unknown god.
   461 | D:2      | Noticed Terence
   976 | D:2      | Became a worshipper of the Wu Jian Council
   976 | D:2      | Reached * piety under Wu Jian
  1156 | D:1      | Learned a level 2 spell: Call Imp
  1940 | D:1      | Reached XP level 3. HP: 14/14 MP: 4/7
  2063 | D:2      | Reached skill level 5 in Summonings
  2136 | D:2      | Reached ** piety under Wu Jian
  2194 | D:2      | Slain by a gnoll

Illustrated notes

Levels and vault maps discovered:
D:1:      wheals_arrival_shading, layout_loops_ring
D:2:      layout_loops_ring, bloody_makhleb,
          chequers_ecumenical_altar_simple_redux, uniq_terence
D:3:      layout_basic, dk_vineyard_2, chequers_serial_rivers_room_a,
          kennysheep_generic_room_13, uniq_grinder

Skill      XL: |  1  2  3 |
---------------+----------+-----
Summonings     | 5 |  5.2
Dodging        | |  2.6
Stealth        | |  2.6
Unarmed Combat | |  0.6
Spellcasting   | |  2.0

Action                   || total
-------------------------++-------
Melee: Unarmed           ||    55
       Bite              ||     3
 Cast: Summon Small Mamm ||    34
       Call Imp          ||    15
Invok: Whirlwind         ||     6
       Lunge             ||     4
 Stab: Sleeping          ||     6
       Distracted        ||     2
Armor: Skin              ||     4
Dodge: Dodged            ||    76
